[Event "Turkey IS Bank Super League 2017"]
[Site "Darica-Kocaeli"]
[Date "2017.07.31"]
[Round "7"]
[White "Arat, Ufuk Sezen"]
[Black "Agdelen, Huseyin Can"]
[Result "0-1"]
[ECO "A22"]
[WhiteElo "2400"]
[BlackElo "2309"]
[Annotator "ChessBase"]
[PlyCount "110"]
[EventType "team-tourn"]
[EventCountry "TUR"]
[SourceTitle "playchess.com"]
[Source "ChessBase"]
[SourceQuality "1"]
[TimeControl "40/5400+30:1800+30"]

1. c4 e5 2. Nc3 Nf6 3. g3 Bb4 4. Bg2 O-O 5. e3 Bxc3 6. bxc3 d6 7. d3 e4 8. dxe4 Re8 9. c5 Nxe4 10. cxd6 Nxd6 11. Ne2 Nd7 12. O-O Ne5 13. e4 Nec4 14. Nf4 c6 15. Re1 Qa5 16. Qb3 Bf5 17. Re2 Bd7 18. Bd2 Qc5 19. Nd3 Qh5 20. Nf4 Qc5 21. Nd3 Qh5 22. Rae1 Bg4 23. Nf4 Qc5 24. Be3 Nxe3 25. Rxe3 b5 26. h3 Be6 27. Nxe6 Rxe6 28. Kh2 Nc4 29. R3e2 Rd8 30. f4 Rd3 31. Qc2 Rd8 32. e5 g6 33. Re4 Rd2 34. Rxc4 Qf2 35. Qxd2 Qxd2 36. Rce4 Qxc3 37. g4 f5 38. R4e3 Qc4 39. Kg3 g5 40. Rf1 Qd4 41. Ref3 fxg4 42. hxg4 gxf4+ 43. Rxf4 Qxe5 44. Be4 Qd6 45. Kg2 c5 46. R1f2 c4 47. g5 c3 48. Bc2 a5 49. a4 Qd5+ 50. Kh2 Re1 51. Rf5 Qh1+ 52. Kg3 Rg1+ 53. Kf4 Qh4+ 54. Ke3 Re1+ 55. Re2 Qg3+ 0-1

[Event "Turkey IS Bank Super League 2017"]
[Site "Darica-Kocaeli"]
[Date "2017.07.31"]
[Round "7"]
[White "Atakisi, Umut"]
[Black "Ertan, Can"]
[Result "0-1"]
[ECO "A13"]
[WhiteElo "2373"]
[BlackElo "2377"]
[Annotator "NA"]
[PlyCount "120"]
[EventType "team-tourn"]
[EventCountry "TUR"]
[SourceTitle "playchess.com"]
[Source "ChessBase"]
[SourceQuality "1"]
[TimeControl "40/5400+30:1800+30"]

1. Nf3 Nf6 2. c4 e6 3. g3 d5 4. Bg2 d4 5. e3 c5 6. O-O Nc6 7. exd4 cxd4 8. d3 Bd6 {[%emt 0:00:30] A13: English Opening: 1...e6} 9. Na3 (9. Bg5 h6 10. Bxf6 Qxf6 11. Nbd2 Qd8 12. a3 a5 13. Rc1 O-O 14. Re1 Bd7 15. c5 Be7 16. Ne4 {½-½ (26) Bruzon Batista,L (2652)-Mareco,S (2648) Saint Louis 2017}) 9... O-O 10. Re1 h6 11. Nc2 a5 12. b3 Re8 ({Black should play} 12... e5 $15) 13. a3 e5 14. Rb1 Bg4 $146 ({Predecessor:} 14... Bf5) 15. h3 Bh5 16. g4 Bg6 17. Nh4 Ne4 18. Bxe4 ({Wrong is} 18. Nxg6 $2 Nc3 $19) 18... Bxe4 19. Rxe4 Qxh4 20. Qf3 Qe7 21. h4 Qf8 22. b4 axb4 23. Nxb4 Nxb4 24. axb4 Bxb4 25. Re2 b6 26. g5 Re6 27. gxh6 gxh6 28. h5 $15 (28. Rxb4 $5 Ra1 29. Rb5 Rxc1+ 30. Kh2 $15) 28... Rae8 29. Qf5 Qg7+ 30. Kf1 Be7 31. Re4 Qh7 32. Qxh7+ Kxh7 33. f4 Bc5 34. Kf2 exf4 35. Kf3 Rxe4 36. dxe4 Re5 37. Bxf4 Rxh5 38. Kg4 Kg6 39. Bc7 f5+ 40. exf5+ Rxf5 41. Bxb6 h5+ 42. Kg3 Kf6 43. Bxc5 Rxc5 44. Kf4 Rxc4 45. Rb6+ Kf7 46. Ke4 h4 47. Kd3 Ra4 48. Rh6 h3 49. Ke4 Ra3 50. Kxd4 Kg7 51. Rh5 Kg6 52. Rh8 Kf5 53. Rf8+ Kg4 54. Rh8 Kg3 55. Rg8+ Kf2 56. Rb8 h2 57. Rb2+ Kg3 58. Rb1 Kg2 59. Rb2+ Kh3 60. Rb1 Rg3 0-1

[Event "Turkey IS Bank Super League 2017"]
[Site "Darica-Kocaeli"]
[Date "2017.07.31"]
[Round "7"]
[White "Soysal, Serkan"]
[Black "Yurtseven, Melih"]
[Result "1-0"]
[ECO "E90"]
[WhiteElo "2367"]
[BlackElo "2353"]
[Annotator "NA"]
[PlyCount "73"]
[EventType "team-tourn"]
[EventCountry "TUR"]
[SourceTitle "playchess.com"]
[Source "ChessBase"]
[SourceQuality "1"]
[TimeControl "40/5400+30:1800+30"]

1. d4 g6 2. c4 Bg7 3. e4 d6 4. Nc3 Nf6 5. h3 O-O 6. Be3 Na6 7. Nf3 c5 8. Be2 cxd4 9. Nxd4 Nc5 10. Qc2 b6 11. O-O Bb7 12. Bf3 Nfd7 13. b4 Na6 14. Qb3 Nc7 $14 15. Rfd1 a6 16. Rac1 e6 17. e5 d5 18. cxd5 Nxe5 19. dxe6 Bxf3 20. exf7+ Kh8 21. Nxf3 Nxf3+ 22. gxf3 Qh4 23. Kg2 Nb5 24. Ne4 Ra7 25. Bg5 Qh5 26. f4 Qe2 27. Re1 Qb2 28. Qxb2 Bxb2 29. a4 Na3 30. Re2 Bg7 31. Nd6 h6 32. Be7 Rfa8 33. Nc8 Rxe7 34. Rxe7 Bf8 35. Re8 Kg7 36. Nd6 Ra7 37. Rxf8 1-0

[Event "Turkey IS Bank Super League 2017"]
[Site "Darica-Kocaeli"]
[Date "2017.07.31"]
[Round "7"]
[White "Kerigan, Demre"]
[Black "Karatekin, Tamer"]
[Result "1-0"]
[ECO "C08"]
[WhiteElo "2354"]
[BlackElo "2287"]
[Annotator "NA"]
[PlyCount "75"]
[EventType "team-tourn"]
[EventCountry "TUR"]
[SourceTitle "playchess.com"]
[Source "ChessBase"]
[SourceQuality "1"]
[TimeControl "40/5400+30:1800+30"]

1. e4 e6 2. d4 d5 3. Nd2 c5 4. exd5 exd5 5. Bb5+ Bd7 6. Qe2+ Be7 7. dxc5 Nf6 8. Ngf3 O-O 9. Bxd7 Nbxd7 10. O-O {[%emt 0:04:30] C08: French Tarrasch: 3...c5 4 exd5 exd5 sidelines} Nxc5 11. Nb3 Nce4 12. Bf4 Re8 13. Qb5 Bd6 14. Bxd6 $146 ({Predecessor:} 14. Be3 Qc7 15. h3 a6 16. Qd3 Rac8 17. c3 b5 {½-½ (47) Rjabzev,K (2292)-Gavrilov,A (2491) Voronezh 2014}) 14... Nxd6 15. Qd3 Nc4 16. Rab1 Qb6 17. c3 Qa6 18. Nbd4 Ne4 19. Rfe1 $15 Qxa2 20. Nf5 Ncd6 21. Ne3 Nf6 22. Red1 Rad8 23. Ra1 Qb3 24. Rxa7 g6 25. Raa1 Nde4 26. Qc2 Qb6 27. Rd4 Re6 28. Rad1 Rde8 29. Nxd5 Nxd5 30. Rxd5 Ng5 31. Rxg5 Re2 32. Qc1 Qxf2+ 33. Kh1 Rc2 34. Qf4 Rce2 35. h4 h6 36. Rg4 h5 37. Rg5 R8e4 38. Rd8+ 1-0

[Event "Turkey IS Bank Super League 2017"]
[Site "Darica-Kocaeli"]
[Date "2017.07.31"]
[Round "7"]
[White "Buksa, Nataliya"]
[Black "Osmak, Iulija"]
[Result "1/2-1/2"]
[ECO "C07"]
[WhiteElo "2328"]
[BlackElo "2353"]
[Annotator "NA"]
[PlyCount "122"]
[EventType "team-tourn"]
[EventCountry "TUR"]
[SourceTitle "playchess.com"]
[Source "ChessBase"]
[SourceQuality "1"]
[TimeControl "40/5400+30:1800+30"]

1. e4 e6 2. d4 d5 3. Nd2 c5 4. exd5 Qxd5 5. Ngf3 cxd4 6. Bc4 Qd6 7. O-O Nc6 8. Nb3 a6 {[%emt 0:00:30] C07: French Tarrasch: 3...c5, 4 Ngf3 and 4 exd5 Qxd5} 9. Nbxd4 Nxd4 10. Nxd4 Qc7 11. Bd3 Nf6 12. Re1 Bd7 (12... h6 13. Qf3 Bd6 14. h3 Bh2+ 15. Kh1 Be5 16. Qe3 Nd7 17. f4 Bxd4 18. Qxd4 O-O 19. b3 Nf6 {1-0 (29) Harikrishna,P (2753)-Wang,H (2717) Huaian 2016}) 13. c3 Bd6 14. h3 Bh2+ 15. Kh1 Bf4 16. Qf3 Bxc1 17. Raxc1 O-O 18. Bb1 $146 ({Find the theoretical novelty and annotate with similar games:} 18. Rcd1 Rad8 19. Qe3 Bc8 20. Qe5 Qxe5 21. Rxe5 {½-½ (47) Blauhut,H (2446)-Loeschnauer,R (2372) ICCF email 2004}) 18... Rad8 19. Re3 Bc8 20. Rce1 b5 21. Re5 Bb7 22. Qf4 Rd5 23. a3 h6 24. Qe3 Rxe5 25. Qxe5 Qxe5 26. Rxe5 Bd5 27. Re2 Rd8 28. Kg1 Kf8 29. f3 Nd7 30. Be4 Bxe4 31. Rxe4 Nb6 32. Kf2 Nc4 33. Re2 Rd5 34. f4 g6 35. Kf3 Ke7 36. Nc2 Rd3+ 37. Kf2 Nxb2 38. Nb4 Nd1+ 39. Ke1 Rd6 40. Na2 Kd7 41. g4 $1 Rd3 42. Nb4 Rd6 43. Na2 $19 Kc6 44. f5 exf5 45. gxf5 Kc5 46. f6 Kc4 47. Re7 Kb3 48. Nc1+ Kxa3 49. Ne2 Kb2 50. c4 bxc4 51. Rxf7 Kc2 52. Rc7 Rxf6 53. Rxc4+ Kd3 54. Rd4+ Ke3 55. Rxd1 Kf3 56. Kf1 Ke3+ 57. Ke1 g5 58. Ra1 Kf3 59. Kf1 g4 60. hxg4 Kxg4+ 61. Kg2 Rb6 1/2-1/2

[Event "Turkey IS Bank Super League 2017"]
[Site "Darica-Kocaeli"]
[Date "2017.07.31"]
[Round "7"]
[White "Ozen, Bahadir"]
[Black "Ozen, Deniz"]
[Result "1/2-1/2"]
[ECO "A12"]
[WhiteElo "2315"]
[BlackElo "2351"]
[Annotator "NA"]
[PlyCount "83"]
[EventType "team-tourn"]
[EventCountry "TUR"]
[SourceTitle "playchess.com"]
[Source "ChessBase"]
[SourceQuality "1"]
[TimeControl "40/5400+30:1800+30"]

1. g3 d5 2. Bg2 Nf6 3. Nf3 Bf5 4. O-O e6 5. d3 Be7 6. Nbd2 h6 7. c4 c6 8. b3 O-O 9. Bb2 Nbd7 10. Qc2 a5 11. a3 Re8 12. Bc3 Bd6 13. b4 axb4 14. axb4 Qe7 15. e4 dxe4 16. dxe4 Bh7 17. Qb2 ({Better is} 17. Rxa8 $14 Rxa8 18. c5) 17... e5 (17... Rxa1 $1 $11 18. Rxa1 Nxe4 19. Nxe4 Bxe4) 18. Nh4 Qe6 $1 19. Qc2 Qe7 $1 20. Qb2 Qe6 21. Qc2 Qe7 22. Ra4 Rxa4 23. Qxa4 b5 24. cxb5 cxb5 25. Qxb5 Rb8 26. Qc6 Bxb4 27. Rb1 Bxc3 28. Rxb8+ Nxb8 29. Qxc3 Nbd7 30. Qc8+ Qf8 31. Qc4 Qe7 32. Qc8+ Qe8 33. Qxe8+ Nxe8 34. Nf5 Nc5 35. Ne3 Nd6 36. f3 Kf8 37. Bf1 f6 38. Ndc4 Nxc4 39. Bxc4 Bg8 40. Bd5 Bxd5 41. Nxd5 Kf7 42. Kf2 $11 1/2-1/2

[Event "Turkey IS Bank Super League 2017"]
[Site "Darica-Kocaeli"]
[Date "2017.07.31"]
[Round "7"]
[White "Tuna, Alp"]
[Black "Ozenir, Ekin Baris"]
[Result "1/2-1/2"]
[ECO "C08"]
[WhiteElo "2280"]
[BlackElo "2098"]
[Annotator "NA"]
[PlyCount "127"]
[EventType "team-tourn"]
[EventCountry "TUR"]
[SourceTitle "playchess.com"]
[Source "ChessBase"]
[SourceQuality "1"]
[TimeControl "40/5400+30:1800+30"]

1. e4 e6 2. d4 d5 3. Nd2 c5 4. Ngf3 Nf6 5. exd5 exd5 6. Bb5+ Bd7 7. Bxd7+ Nbxd7 8. O-O Be7 9. dxc5 Nxc5 10. Nb3 Nce4 11. Nfd4 Qd7 12. f3 Nd6 13. Nc5 {[%emt 0:00:00] C08: French Tarrasch: 3...c5 4 exd5 exd5 sidelines} Qc8 14. Nd3 O-O 15. b3 Bd8 16. Be3 Bb6 17. Qd2 Re8 18. Bf2 {[%emt 0:01:30] [#]} Qd7 $146 ({Predecessor:} 18... Nf5 19. c3 Nxd4 20. Bxd4 Bxd4+ 21. cxd4 Qf5 22. Rfe1 h6 23. Re5 Rxe5 24. Nxe5 Nd7 25. Re1 Rc8 26. Nxd7 {½-½ (26) Sokolov,A (2596)-Vaganian,R (2617) Bazna 2008}) 19. Rae1 Rac8 20. Rxe8+ Qxe8 21. Re1 Qd8 22. Re2 Rc7 23. Kf1 h6 24. Qf4 Re7 25. Rxe7 $14 Qxe7 26. Qe5 Qd7 27. Bg3 Nde8 28. Bf2 Nd6 29. Ke2 Bc7 30. Qe3 Bb6 31. Qf4 Bc7 32. Qd2 Nf5 33. Kd1 b6 34. g4 Nxd4 35. Bxd4 Qe6 36. h3 Nd7 37. Qc3 Bg3 38. Kc1 f6 39. Qd2 Ne5 40. Nf4 Bxf4 41. Qxf4 Nc6 42. Kd2 Qe7 43. Qe3 Kf7 44. Qxe7+ Kxe7 45. Bb2 Ke6 46. a4 a6 47. Ke3 b5 48. Bc3 g6 49. h4 h5 50. axb5 axb5 51. Be1 f5 52. gxh5 gxh5 53. Bc3 Kf7 54. Kf4 d4 55. Bb2 Kg6 56. c3 dxc3 57. Bxc3 b4 58. Bd2 Kf6 59. Be1 Kg6 60. Bd2 Kf6 61. Be1 Kg6 62. Ke3 Kf6 63. Kd3 Ke5 64. Ke3 1/2-1/2

[Event "Turkey IS Bank Super League 2017"]
[Site "Darica-Kocaeli"]
[Date "2017.07.31"]
[Round "7"]
[White "Demircioglu, Emre"]
[Black "Uzumcu, Ahmet Utku"]
[Result "1/2-1/2"]
[ECO "D85"]
[WhiteElo "2265"]
[BlackElo "2223"]
[Annotator "NA"]
[PlyCount "69"]
[EventType "team-tourn"]
[EventCountry "TUR"]
[SourceTitle "playchess.com"]
[Source "ChessBase"]
[SourceQuality "1"]
[TimeControl "40/5400+30:1800+30"]

1. d4 Nf6 2. c4 g6 3. Nc3 d5 4. cxd5 Nxd5 5. e4 Nxc3 6. bxc3 Bg7 7. Be3 c5 8. Qd2 Nc6 9. Nf3 cxd4 10. cxd4 O-O 11. Rb1 Qa5 {[%emt 0:09:30] D85: Exchange Grünfeld: Unusual White 7th moves and lines with 7 Nf3} (11... Bg4 $5 ) 12. Qxa5 {[%emt 0:24:30] LiveBook: 22 Games} Nxa5 13. h3 (13. Bd3 Rd8 14. O-O b6 15. Rfd1 Bb7 16. Bd2 Nc6 17. d5 Ne5 18. Nxe5 Bxe5 {½-½ (68) Akobian,V (2645)-Xiong,J (2674) Saint Louis 2017}) 13... f5 $146 ({Predecessor:} 13... b6 14. Bd3 f5 15. Bd2 fxe4 16. Bxe4 Bb7 17. Bxb7 Nxb7 18. O-O Nd6 19. Bb4 {½-½ (41) Stukopin,A (2553)-Gordievsky,D (2435) Loo 2014}) 14. e5 b6 15. Bd2 Be6 16. Bxa5 bxa5 17. Ba6 Rab8 18. O-O Bh6 19. h4 Rfd8 20. a4 Bd5 $17 21. Ng5 Bxg5 22. hxg5 Rb4 23. Rbc1 Rxd4 24. Rc7 Kf8 25. Rxa7 Ra8 26. Rxa8+ Bxa8 27. Rc1 Kf7 28. Rc8 Bd5 29. Rc5 Bb3 30. Rxa5 Bxa4 31. f3 Bb3 32. Rc5 f4 33. Rc8 Rd1+ 34. Kh2 Re1 35. Bc4+ 1/2-1/2

[Event "Turkey IS Bank Super League 2017"]
[Site "Darica-Kocaeli"]
[Date "2017.07.31"]
[Round "7"]
[White "Yaran, Siar"]
[Black "Citak, Selim"]
[Result "1/2-1/2"]
[ECO "C36"]
[WhiteElo "2253"]
[BlackElo "2306"]
[Annotator "NA"]
[PlyCount "99"]
[EventType "team-tourn"]
[EventCountry "TUR"]
[SourceTitle "playchess.com"]
[Source "ChessBase"]
[SourceQuality "1"]
[TimeControl "40/5400+30:1800+30"]

1. e4 e5 2. f4 d5 3. exd5 exf4 4. Nf3 Nf6 5. Bc4 Nxd5 6. O-O Be6 7. Bb3 c5 {[%emt 0:00:00] C36: King's Gambit Accepted: 3 Nf3 d5} 8. d4 (8. Kh1 Nc6 9. d4 c4 10. Ba4 Bd6 11. b3 c3 12. Qd3 O-O 13. Bxc6 bxc6 14. Nxc3 Re8 15. Nxd5 Bxd5 {1-0 (41) Nakamura,H (2758)-Adams,M (2734) London 2011}) 8... cxd4 9. Nxd4 Bc5 10. Kh1 Bxd4 11. Qxd4 O-O {[%emt 0:09:30] LiveBook: 4 Games} 12. c4 Nc6 13. Qe4 Nf6 14. Qxf4 Qd4 15. Bd2 $146 ({Predecessor:} 15. Nc3) 15... Qxf4 16. Rxf4 Ne5 17. Bc3 Nd3 18. Rd4 Ne4 19. Kg1 Nxc3 $11 20. Nxc3 Rfd8 21. Nd5 Bxd5 22. cxd5 Nc5 23. Rc1 Nxb3 24. axb3 Rd7 25. Kf2 f5 26. Kf3 Rad8 27. Rcd1 Kf7 28. d6 Ke6 29. Re1+ Kf6 30. Red1 g5 31. h4 h6 32. hxg5+ hxg5 33. g4 fxg4+ 34. Kxg4 Ke5 35. Rd5+ Ke6 36. Rxg5 Rxd6 37. Rg6+ Ke5 38. Re1+ Kd5 39. Rg7 R8d7 40. Rxd7 Rxd7 41. Rc1 Rf7 42. Kg3 Kd4 43. Rc3 Rf6 44. Rc4+ Kd3 45. Rc7 Rb6 46. Rc3+ Kd2 47. Kf4 Ra6 48. Ke4 Ra2 49. Rc7 b6 50. Kd4 1/2-1/2

[Event "Turkey IS Bank Super League 2017"]
[Site "Darica-Kocaeli"]
[Date "2017.07.31"]
[Round "7"]
[White "Tasdogen, Dincer"]
[Black "Gokerkan, Cem Kaan"]
[Result "1/2-1/2"]
[ECO "B20"]
[WhiteElo "2215"]
[BlackElo "2321"]
[Annotator "NA"]
[PlyCount "87"]
[EventType "team-tourn"]
[EventCountry "TUR"]
[SourceTitle "playchess.com"]
[Source "ChessBase"]
[SourceQuality "1"]
[TimeControl "40/5400+30:1800+30"]

1. e4 c5 2. Ne2 Nf6 3. Nbc3 d5 4. exd5 Nxd5 5. g3 Nxc3 {[%emt 0:00:30] LiveBook: 5 Games} 6. Nxc3 Bf5 7. Bg2 Qd7 8. d3 Nc6 9. Be3 Nd4 10. Ne4 e5 11. c3 Ne6 12. g4 (12. Qf3 $5 Bg6 13. h4 $11) 12... Bg6 13. Qb3 Be7 14. O-O-O Rc8 15. Ng3 b5 $11 16. Qd5 Qxd5 17. Bxd5 Kd7 18. h4 h6 19. Be4 Bh7 20. Bxh7 Rxh7 21. h5 Rhh8 22. Kb1 Rhd8 23. Nf5 Bf6 24. d4 exd4 25. cxd4 cxd4 26. Nxd4 Nxd4 27. Bxd4 Bxd4 28. Rxd4+ Kc6 29. Rhd1 Rxd4 30. Rxd4 Re8 31. a4 Re1+ 32. Ka2 a6 33. axb5+ axb5 34. Rd8 Re4 35. f3 Ra4+ 36. Kb1 Rf4 37. Rg8 Rxf3 38. Rxg7 Kd5 39. g5 hxg5 40. Rxg5+ Kc4 41. Ka2 Rf4 42. h6 Rh4 43. Rf5 Rxh6 44. Rf4+ 1/2-1/2

[Event "Turkey IS Bank Super League 2017"]
[Site "Darica-Kocaeli"]
[Date "2017.07.31"]
[Round "7"]
[White "Yilmaz, Goktan"]
[Black "Kiremitciyan, Ari"]
[Result "0-1"]
[ECO "B49"]
[WhiteElo "2202"]
[BlackElo "2240"]
[Annotator "NA"]
[PlyCount "92"]
[EventType "team-tourn"]
[EventCountry "TUR"]
[SourceTitle "playchess.com"]
[Source "ChessBase"]
[SourceQuality "1"]
[TimeControl "40/5400+30:1800+30"]

1. e4 c5 2. Nf3 e6 3. d4 cxd4 4. Nxd4 Nc6 5. Nc3 Qc7 6. Be3 a6 7. Be2 b5 8. Nxc6 dxc6 {[%emt 0:01:30] B49: Sicilian: Taimanov: 5 Nc3 Qc7 6 Be3 a6 7 Be2} 9. a4 b4 10. Nb1 Nf6 11. Nd2 e5 $146 ({Predecessor:} 11... c5 12. f3 Bb7 13. Nc4 Nd7 14. Qc1 Be7 15. O-O O-O 16. Bf4 {1-0 (35) Topalov,V (2785)-Svidler,P (2758) Khanty-Mansiysk 2014}) 12. f3 Be7 13. Nc4 Nd7 14. O-O a5 15. Kh1 O-O 16. f4 exf4 (16... Ba6 $11) 17. Bxf4 Qa7 18. Bd3 Nc5 19. Be3 Qc7 20. Qh5 Nxd3 21. cxd3 c5 22. Rac1 Be6 23. d4 cxd4 24. Bxd4 Qd7 ({Of course not} 24... Bxc4 $6 {[#]} 25. b3 $1 $11 ) 25. Bg1 Bxc4 26. Rxc4 Qxa4 $17 27. Rc7 Qe8 28. Bd4 Ra6 29. Qd5 a4 30. e5 a3 31. bxa3 bxa3 32. Bc3 Re6 33. Qb7 h6 34. h3 Bd8 35. Rd7 Rb6 36. Qd5 Be7 37. Bd4 Re6 38. Qb7 Kh8 39. Rc1 Bg5 40. Rcc7 Rxe5 41. Bxe5 Qxe5 42. Qb1 a2 43. Qxa2 Qe1+ 44. Kh2 Bf4+ 45. g3 Qxg3+ 46. Kh1 Qxh3+ 0-1

[Event "Turkey IS Bank Super League 2017"]
[Site "Darica-Kocaeli"]
[Date "2017.07.31"]
[Round "7"]
[White "Tofan, Ibrahim"]
[Black "Apaydin, Fethi"]
[Result "1-0"]
[ECO "A36"]
[WhiteElo "2194"]
[BlackElo "2258"]
[Annotator "NA"]
[PlyCount "133"]
[EventType "team-tourn"]
[EventCountry "TUR"]
[SourceTitle "playchess.com"]
[Source "ChessBase"]
[SourceQuality "1"]
[TimeControl "40/5400+30:1800+30"]

1. e4 g6 2. g3 Bg7 3. Bg2 c5 4. Ne2 Nc6 5. c4 d6 6. O-O Nf6 7. Nbc3 O-O 8. d3 a6 9. f4 Bg4 {[%emt 0:00:30] A36: Symmetrical English vs ...g6: 4 Bg2 Bg7} (9... Rb8 10. h3 Nd4 11. Nxd4 cxd4 12. Nd5 Nxd5 13. cxd5 Qb6 14. Qe2 Bd7 15. e5 Rbc8 16. e6 fxe6 17. dxe6 Bc6 18. f5 Bxg2 19. Kxg2 Rxf5 20. Rxf5 gxf5 {0-1 (38) Brendel,O (2348)-Kanep,M (2509) Wroclaw 2014}) 10. Be3 (10. h3 $5 Bxe2 11. Nxe2 $11) 10... Nd7 $146 ({Find the theoretical novelty and annotate with similar games:} 10... Qd7 11. d4 cxd4 12. Bxd4 Nxd4 13. Qxd4 Bxe2 14. Nxe2 Ng4 15. e5 Qc7 16. Nc3 dxe5 17. fxe5 Nxe5 {0-1 (75) Cosme Contreras,T (1667)-Garcia Contreras,C (1863) Lima 2015}) 11. f5 {[%emt 0:10:30] [#]} Nd4 (11... b5 $1 $15 ) 12. Qd2 Bxe2 13. Nxe2 Nxe2+ 14. Qxe2 Ne5 15. d4 cxd4 16. Bxd4 Nd7 17. Bxg7 Kxg7 18. Kh1 Rc8 19. b3 Rc5 20. Rad1 Qc7 21. Rd5 b6 22. Rfd1 Nf6 $15 23. Rxc5 Qxc5 24. Qf3 Rc8 25. h3 Qe5 26. g4 h6 27. Qd3 a5 28. Qd4 Qxd4 29. Rxd4 Nd7 30. Kg1 Kf6 31. Kf2 Ne5 32. Bf1 Rc5 33. a3 Nd7 34. Ke3 Ke5 35. b4 axb4 36. axb4 Rc7 37. Rd5+ Kf6 38. fxg6 fxg6 39. h4 g5 40. hxg5+ hxg5 41. Rf5+ Kg6 42. Rb5 Rc6 43. Be2 e6 44. Kd4 Kf6 45. Ke3 Ne5 46. Kd4 Ng6 47. Bf1 e5+ 48. Ke3 Nf4 49. Kf2 Ke6 50. Rd5 Rc7 51. Rb5 Rc6 52. Rd5 Ke7 53. Rd2 Rc7 54. Ra2 Ne6 55. Ra8 Rb7 56. Rh8 Nf8 57. Rg8 Ne6 58. Rh8 Kf6 59. Rh6+ Kf7 60. c5 Nf8 61. c6 Ra7 62. Rxd6 Ke7 63. Rd5 Ra2+ 64. Ke1 Ra1+ 65. Kd2 Ne6 66. Rd7+ Kf6 67. Bc4 1-0

[Event "Turkey IS Bank Super League 2017"]
[Site "Darica-Kocaeli"]
[Date "2017.07.31"]
[Round "7"]
[White "Yelken, Mustafa"]
[Black "Sevgi, Volkan"]
[Result "1/2-1/2"]
[ECO "B01"]
[WhiteElo "2171"]
[BlackElo "2199"]
[Annotator "NA"]
[PlyCount "101"]
[EventType "team-tourn"]
[EventCountry "TUR"]
[SourceTitle "playchess.com"]
[Source "ChessBase"]
[SourceQuality "1"]
[TimeControl "40/5400+30:1800+30"]

1. e4 d5 2. exd5 Qxd5 3. Nc3 Qd6 4. d4 Nf6 5. Nf3 c6 6. g3 {[%emt 0:00:30] B01: Scandinavian Defence} (6. Ne5 Nbd7 7. Nc4 Qc7 8. a4 Nd5 9. Bd3 g6 10. Qf3 N7f6 11. Nxd5 Nxd5 12. O-O Bg7 13. c3 O-O 14. Qg3 Qxg3 15. hxg3 {½-½ (28) Caruana,F (2808)-Carlsen,M (2857) Baku 2016}) 6... Bg4 7. Bg2 e6 8. O-O Be7 9. Bf4 Qd8 10. h3 Bh5 11. g4 Bg6 12. Ne5 Nfd7 13. Ne4 $146 ({Predecessor:} 13. Nxg6 hxg6 {0-1 (75) Macieja,B (2600)-Tiviakov,S (2686) Wolvega 2008}) 13... Bxe4 14. Bxe4 Nf6 ({Black should try} 14... Nxe5 $11 15. Bxe5 O-O) 15. Bg2 h5 {[%emt 0:02:00] [#]} ({Black should try} 15... Nbd7 $14) 16. c4 (16. g5 $1 $16 Nfd7 17. h4) 16... hxg4 17. hxg4 Nbd7 18. Bf3 Nxe5 19. dxe5 Nd7 20. Kg2 Bg5 21. Qd2 Bxf4 22. Qxf4 g5 23. Qe3 Nf8 24. Be4 Rh4 25. f3 Nd7 26. Rad1 Qe7 27. Rh1 Nxe5 28. Rxh4 $11 gxh4 29. Qh6 Nxc4 30. b3 Nb6 31. Qh8+ Qf8 32. Qxh4 Nd5 33. Bxd5 cxd5 34. Qf6 Kd7 35. Rh1 Qe7 36. Qd4 Qd6 37. Qf6 Rf8 38. Rh7 Ke8 39. g5 Qd8 40. Qe5 Rg8 41. f4 Qc8 42. Kg3 Qd8 43. Kf3 Kf8 44. Kg3 b6 45. Kf3 d4 46. Ke2 Qc8 47. Qxd4 Qc2+ 48. Kf3 Qxh7 49. Qd8+ Kg7 50. Qf6+ Kf8 51. Qd8+ 1/2-1/2

[Event "Turkey IS Bank Super League 2017"]
[Site "Darica-Kocaeli"]
[Date "2017.07.31"]
[Round "7"]
[White "Garabetyan, Arno"]
[Black "Topak, Engin"]
[Result "1/2-1/2"]
[ECO "B06"]
[WhiteElo "2085"]
[BlackElo "2192"]
[Annotator "NA"]
[PlyCount "88"]
[EventType "team-tourn"]
[EventCountry "TUR"]
[SourceTitle "playchess.com"]
[Source "ChessBase"]
[SourceQuality "1"]
[TimeControl "40/5400+30:1800+30"]

1. Nf3 g6 2. d4 Bg7 3. e4 d6 4. Bc4 Nf6 5. Qe2 c6 6. Bb3 O-O 7. O-O d5 8. e5 Ne8 9. c4 Nc7 10. Nc3 Bg4 11. Rd1 e6 12. h3 Bxf3 13. Qxf3 Nd7 14. Qe2 Qh4 15. cxd5 exd5 16. Kh2 Qe7 17. f4 f6 $11 18. Kh1 Kh8 19. Be3 fxe5 20. fxe5 Qh4 21. Qg4 Qxg4 22. hxg4 Rae8 23. Rd2 Ne6 24. Kg1 Nb6 25. Rf1 Rxf1+ 26. Kxf1 Bf8 27. Rf2 Kg7 28. Ne2 Be7 29. Ng1 Bh4 30. Rd2 Bg5 31. Bxg5 Nxg5 32. Nf3 Ne6 33. Ke2 Rf8 34. g5 Rf4 35. Kd3 Nc8 36. Kc3 Ne7 37. Bc2 Nf5 38. Bxf5 Rxf5 39. b4 a6 40. a4 Nxg5 41. Nxg5 Rxg5 42. b5 axb5 43. axb5 cxb5 44. Kb4 Kf7 1/2-1/2

[Event "Turkey IS Bank Super League 2017"]
[Site "Darica-Kocaeli"]
[Date "2017.07.31"]
[Round "7"]
[White "Gundogan, Cem"]
[Black "Kamer, Kayra"]
[Result "1-0"]
[ECO "A48"]
[WhiteElo "2062"]
[BlackElo "2062"]
[Annotator "NA"]
[PlyCount "89"]
[EventType "team-tourn"]
[EventCountry "TUR"]
[SourceTitle "playchess.com"]
[Source "ChessBase"]
[SourceQuality "1"]
[TimeControl "40/5400+30:1800+30"]

1. d4 Nf6 2. Nf3 g6 3. b4 Bg7 4. Bb2 d5 5. e3 a5 6. b5 Bf5 7. c4 c6 8. Nc3 O-O 9. cxd5 cxb5 10. Bxb5 Nxd5 11. O-O Na6 12. Qe2 Rc8 13. Rac1 Nab4 14. Rfd1 (14. a3 $14 Nxc3 15. Bxc3) 14... Nxc3 15. Bxc3 Nd5 $16 (15... Qd5 $11 {keeps the balance.} 16. Bxb4 axb4) 16. Be1 b6 17. e4 Nf4 18. Qe3 Bh6 19. Kf1 Bd7 20. Be2 Rxc1 21. Qxc1 Qa8 22. Qe3 Rc8 23. Ne5 Ba4 24. Ng4 Bg5 25. h4 Nxe2 26. Qxg5 Qa6 27. Qxe7 Qc4 28. d5 Ng3+ 29. Kg1 Qc7 30. d6 Qxe7 31. dxe7 Bxd1 32. Nf6+ Kh8 33. fxg3 Ba4 34. Bf2 Rc4 35. Bxb6 Kg7 36. e8=Q Bxe8 37. Nxe8+ Kf8 38. Nf6 Ra4 39. Bc5+ Kg7 40. Ne8+ Kg8 41. a3 Rc4 42. Bd6 f5 43. e5 Kf7 44. Nc7 f4 45. gxf4 1-0

[Event "Turkey IS Bank Super League 2017"]
[Site "Darica-Kocaeli"]
[Date "2017.07.31"]
[Round "7"]
[White "Gulden, Egemen"]
[Black "Dolgun, Can"]
[Result "0-1"]
[ECO "C49"]
[WhiteElo "2044"]
[BlackElo "2104"]
[Annotator "NA"]
[PlyCount "82"]
[EventType "team-tourn"]
[EventCountry "TUR"]
[SourceTitle "playchess.com"]
[Source "ChessBase"]
[SourceQuality "1"]
[TimeControl "40/5400+30:1800+30"]

1. e4 e5 2. Nf3 Nc6 3. Nc3 Nf6 4. Bb5 Bb4 5. O-O O-O 6. d3 d6 7. h3 Bxc3 8. bxc3 Ne7 9. Re1 a6 {[%emt 0:03:30] C49: Four Knights: 4 Bb5 Bb4} 10. Bc4 b5 11. Bb3 Bb7 (11... c5 12. Bg5 Ng6 13. Bd5 Rb8 14. a4 h6 15. Bxf6 Qxf6 16. axb5 axb5 17. Nh2 {0-1 (33) Andreikin,D (2720)-Carlsen,M (2850) Berlin 2015}) 12. Nh4 $146 ({Predecessor:} 12. Bg5 Ng6 13. Nh4 c5 14. Nxg6 hxg6 15. Qf3 Rc8 16. Bd5 Bxd5 17. exd5 {0-1 (43) Barroso,A (1580)-Mapletoft,A (1865) Sunningdale 2007}) 12... h6 13. Be3 (13. Qf3 $5 ) 13... c5 14. c4 b4 15. Qd2 Nh7 16. g4 Ng6 17. Nf5 Ng5 18. Bxg5 hxg5 19. Re3 Nf4 20. Rg3 g6 21. Ne3 Kg7 22. f3 $19 Rh8 23. Qh2 Rh6 24. Nd1 Qh8 25. Nf2 Ne2+ 26. Kf1 Nxg3+ 27. Qxg3 Bc6 28. a4 bxa3 29. Rxa3 a5 30. c3 Rb8 31. d4 a4 32. Bxa4 Rb1+ 33. Ke2 Qb8 34. Bb5 Bxb5 35. cxb5 Qxb5+ 36. Nd3 exd4 37. Ra2 Qb3 38. Rd2 dxc3 39. Qxd6 cxd2 40. Qe5+ Kh7 41. Kxd2 Rd1+ 0-1